 Dungeon Sprint DCSS version 0.30-a0-1103-g25895a7845 (webtiles) character file.

Game seed: 1145980842677763876

0 sircluck the Shooter (level 1, -8/12 HPs)
             Began as a Kobold Hunter on Apr 18, 2023.
             Mangled by a +2 battleaxe of electrocution (20 damage)
             ... in the Dungeon (Sprint V: "Ziggurat Sprint").
             The game lasted 00:01:06 (65 turns).

sircluck the Shooter (Kobold Hunter)                  Turns: 65, Time: 00:01:07

Health: -8/12      AC:  3    Str:  8    XL:     1   Next: 0%
Magic:  1/1        EV: 14    Int: 10    God:
Gold:   0          SH:  0    Dex: 18    Spells: 0/0 levels left

rFire   . . .      SeeInvis +    C - +27 heavy crossbow "Sniper" {heavy, Acc+∞ SInv}
rCold   . . .      Faith    .    (shield currently unavailable)
rNeg    . . .      Spirit   .    c - +0 leather armour
rPois   .          Reflect  .    (no helmet)
rElec   .          Rampage  .    (no cloak)
rCorr   .          NoTele   +    (no gloves)
Will    .....                    (no boots)
Stlth   +++                      (no amulet)
HPRegen 0.22/turn                (no ring)
MPRegen 0.07/turn                (no ring)

@: no status effects
A: small, no large weapons, nightstalker 3
a: no special abilities


You were in the Dungeon.
You visited 1 branch

Inventory:

Hand Weapons
 a - a +0 shortbow
 C - the +27 heavy crossbow "Sniper" (weapon) {heavy, Acc+∞ SInv}
   (You found it in the Dungeon)

   Acc+∞: It never misses its target.
   SInv:      It lets you see invisible.
Armour
 c - a +0 leather armour (worn)
Jewellery
 u - a ring of flight
 v - a +6 ring of dexterity
 w - a +6 ring of dexterity
 x - a +6 ring of intelligence
 y - a +6 ring of intelligence
 z - a +6 ring of strength
 A - a +6 ring of strength
Wands
 s - a wand of mindburst (7)
 t - a wand of light (7)
 B - a wand of digging (5)
Scrolls
 b - a scroll of immolation
 i - 4 scrolls of blinking
 o - 4 scrolls of amnesia
 p - 7 scrolls of fog
 q - 5 scrolls of identify
 r - 2 scrolls of fear
Potions
 d - 10 potions of curing
 e - 10 potions of heal wounds
 f - 6 potions of haste
 g - 7 potions of magic
 h - 3 potions of berserk rage
 j - 2 potions of brilliance
 k - 2 potions of invisibility
 l - 4 potions of resistance
 m - a potion of experience
 n - 5 potions of might


   Skills:
 + Level 2.1 Fighting
 + Level 5.3 Ranged Weapons
 + Level 2.4 Dodging
 + Level 1.3 Stealth


You couldn't memorise any spells.
You didn't know any spells.
Your spell library was empty.

Dungeon Overview and Level Annotations

Branches:
Dungeon (1/1)

Altars:
Ashenzari
Cheibriados
Dithmenos
Elyvilon
Fedhas
Gozag
Hepliaklqana
Kikubaaqudgha
Makhleb
Nemelex Xobeh
Okawaru
Qazlal
Ru
Sif Muna
Trog
Uskayaw
Vehumet
Wu Jian
Xom
Yredelemnul
Zin
The Shining One
Jiyva
Lugonu


Innate Abilities, Weirdness & Mutations

You are small and have problems with some larger weapons.
You are completely attuned to the shadows.


Message History

Things that are here:
a +5 executioner's axe; a +5 battleaxe; a +5 broad axe
Found a hide-covered altar of Uskayaw.
Found four altars.
s - a wand of mindburst (7);
t - a wand of light (7)
Found an iron altar of Okawaru.
u - a ring of flight;
v - a +6 ring of dexterity;
w - a +6 ring of dexterity
x - a +6 ring of intelligence;
y - a +6 ring of intelligence
z - a +6 ring of strength;
A - a +6 ring of strength
Found two items.
Found a sparkling altar of Nemelex Xobeh.
B - a wand of digging (5)
Found three altars.
Found a transporter.
Items here: )))) [[.
C - the +27 heavy crossbow "Sniper" {heavy, Acc+∞ SInv}
C - the +27 heavy crossbow "Sniper" (weapon)
{heavy, Acc+∞ SInv}
Found a viscous altar of Jiyva.
Found a hazy altar of Hepliaklqana.
There is a staircase leading out of the dungeon here.
Items here: [[[[[[[.
Okay, then.
Found an opulent altar of Gozag.
Things that are here:
a +5 bardiche; a +5 demon trident
Things that are here:
a +5 executioner's axe; a +5 battleaxe; a +5 broad axe
Items here: [[[[[.
Okay, then.
There is a transporter here.
Welcome to arena 1.
You enter the transporter and appear at another place.
A guardian serpent and a +2 battleaxe of electrocution come into view.
The guardian serpent shouts!
Found a book of Sloth and a +1 arbalest of freezing.
You shoot a bolt. The bolt hits the guardian serpent!!!
You kill the guardian serpent!
The +2 battleaxe of electrocution misses you.
The +2 battleaxe of electrocution hits you!!
Ouch! That really hurt!
You die...

▓.....▓
▓.).:.▓
▓.....▓
▓..(..▓
▓..@..▓
▓▓▓▓▓▓▓


You could see a +2 battleaxe of electrocution.

Vanquished Creatures
  A guardian serpent (shapeshifter) (D)
1 creature vanquished.

Notes
Turn   | Place    | Note
-------+----------+-------------------------------------------
     0 | D        | sircluck the Kobold Hunter began the quest for the Orb.
     0 | D        | Reached XP level 1. HP: 12/12 MP: 1/1
     0 | D        | Found a glowing golden altar of the Shining One.
     1 | D        | Found a broken altar of Ashenzari.
     1 | D        | Found a snail-covered altar of Cheibriados.
     1 | D        | Found a shadowy altar of Dithmenos.
     5 | D        | Found a radiant altar of Vehumet.
    11 | D        | Found a white marble altar of Elyvilon.
    13 | D        | Found a blossoming altar of Fedhas.
    20 | D        | Found a hide-covered altar of Uskayaw.
    21 | D        | Found a shimmering blue altar of Sif Muna.
    21 | D        | Found a sacrificial altar of Ru.
    21 | D        | Found a bloodstained altar of Trog.
    21 | D        | Found a stormy altar of Qazlal.
    23 | D        | Found an iron altar of Okawaru.
    26 | D        | Found a sparkling altar of Nemelex Xobeh.
    26 | D        | Found the +6 Majin-Bo {spellvamp, MP+6 Int+6}
    26 | D        | Found the +27 heavy crossbow "Sniper" {heavy, Acc+∞ SInv}
    26 | D        | Found the +10 dark maul {heavy}
    26 | D        | Found the +15 Maxwell's patent armour {-Cast -Tele rElec
                  | Will+ rCorr}
    26 | D        | Found the +18 shield of the Gong {Loud rN+ Will+ rCorr
                  | EV-5}
    26 | D        | Found the +16 obsidian axe {drain, demonic, Mesm Drain Fly
                  | SInv}
    26 | D        | Found the +7 great mace "Firestarter" {flame, immolate,
                  | rFlCloud rF++}
    26 | D        | Found the +6 shillelagh "Devastator" {shatter}
    26 | D        | Found the +11 plutonium sword {Contam Stlth-}
    26 | D        | Found the +8 lance "Wyrmbane" {slay drac, rPois rF+ rC+
                  | AC+3}
    26 | D        | Found the +9 sword of Zonguldrok {reap}
    26 | D        | Found the +13 scythe of Curses {drain, curses, Drain}
    26 | D        | Found the +9 sword of Power {lifebolt}
    26 | D        | Found the +7 mace of Variability {chaos, chaos arc}
    26 | D        | Found the +11 Singing Sword {sonic wave}
    26 | D        | Found the +8 storm bow {elec, penet}
    28 | D        | Found a corrupted altar of Lugonu.
    28 | D        | Found an ancient bone altar of Kikubaaqudgha.
    28 | D        | Found a burning altar of Makhleb.
    28 | D        | Found a transporter.
    34 | D        | Found a viscous altar of Jiyva.
    36 | D        | Found a hazy altar of Hepliaklqana.
    50 | D        | Found an opulent altar of Gozag.
    64 | D        | Entered arena 2.
    64 | D        | Noticed a guardian serpent
    64 | D        | Noticed a +2 battleaxe of electrocution
    65 | D        | Killed a guardian serpent
    65 | D        | Mangled by a +2 battleaxe of electrocution

Illustrated notes

Levels and vault maps discovered:
D:        sprint_v [room_start, room_1, room_2, room_3, room_4, room_5, room_6,
          room_7, room_8, room_9, room_10, room_11, room_12, room_13, room_14,
          room_15, room_16, room_17, room_18, room_19, room_20, room_21,
          room_22, room_23, room_24, room_25, room_26, room_27]

Action                     || total
---------------------------++-------
   Fire: Heavy crossbow    ||     1
  Dodge: Dodged            ||     1

Table legend: (Time is in decaauts)
 A = Elapsed time spent in this place.
 B = Non-inter-level travel time spent in this place.
 C = Inter-level travel time spent in this place.
 D = Time resting spent in this place.
 E = Time spent auto-exploring this place.
 F = Levels seen in this place.
 G = Mean time per level.
                   A        B        C        D        E       F      G
               +--------+--------+--------+--------+--------+-----+--------+
         Total |     64 |     18 |     46 |      0 |      0 |   1 |   64.0 |
       Dungeon |     64 |     18 |     46 |      0 |      0 |   1 |   64.0 |
               +--------+--------+--------+--------+--------+-----+--------+

Top non-repeatable levels by time:
       D: 64 daAuts
